 Dungeon Crawl Stone Soup version 0.31-a0-188-g5e087ee2ca (webtiles) character file.

Game seed: 9449056969548874326

401 qw the Skirmisher (level 6, -8/35 HPs)
             Began as a Deep Elf Hunter on June 23, 2023.
             Mangled by a hornet (11 damage)
             ... on level 4 of the Dungeon.
             The game lasted 00:01:06 (3062 turns).

qw the Skirmisher (Deep Elf Hunter)                 Turns: 3062, Time: 00:01:06

Health: -8/35      AC:  6    Str: 10      XL:     6   Next: 54%
Magic:  8/8        EV: 11    Int: 14      God:
Gold:   197        SH:  0    Dex: 17 (18) Spells: 5/5 levels left

rFire   . . .        Y - +1 shortbow
rCold   . . .        (shield currently unavailable)
rNeg    . . .        d - +0 ring mail
rPois   +            (no helmet)
rElec   .            (no cloak)
rCorr   .            e - +0 pair of gloves
SInv    .            (no boots)
Will    .....        (no amulet)
Stlth   +            i - ring of poison resistance
HPRegen 0.25/turn    (no ring)
MPRegen 0.11/turn

%: no passive effects
@: about to teleport
A: no striking features
a: no special abilities


You were on level 4 of the Dungeon.
You visited 1 branch of the dungeon, and saw 4 of its levels.

You collected 197 gold pieces.


   Skills:
 - Level 2.0 Fighting
 - Level 10.2 Ranged Weapons
 + Level 2.4 Dodging
 - Level 1.2 Stealth


You had 5 spell levels left.
You didn't know any spells.
Your spell library was empty.

Inventory:

Hand Weapons
 Y - a +1 shortbow (weapon)
Armour
 d - a +0 ring mail (worn)
 e - a +0 pair of gloves (worn)
Jewellery
 i - a ring of poison resistance (left hand)
 k - a ring of fire
Potions
 a - a potion of lignification {unknown}
 b - a potion of attraction {unknown}
 c - 3 potions of curing
 f - a potion of berserk rage {unknown}
 g - a potion of haste
 h - a potion of heal wounds {unknown}

Dungeon Overview and Level Annotations

Branches:
Dungeon (4/15)             Temple (0/1) D:4

Altars:


Message History

You kill the goblin!
(D) Dungeon (T) Temple
Where to? (* - list waypoints, Enter - Temple, ? - help)
Things that are here:
a +0 scale mail; a +0 mace
Found 4 boomerangs and a dagger.
The kobold shouts!
You shoot an arrow. The arrow closely misses the kobold.
(D) Dungeon (T) Temple
Where to? (* - list waypoints, Enter - Temple, ? - help)
A hornet comes into view.
Found a robe.
The kobold throws a poisoned dart.
The poisoned dart hits you!
You shoot an arrow.
The arrow hits the hornet but does no damage.
The kobold throws a poisoned dart.
The poisoned dart closely misses you.
You shoot an arrow. The arrow barely misses the hornet.
The arrow hits the kobold.
You kill the kobold!
You shoot an arrow. The arrow hits the hornet.
The hornet is lightly wounded.
The hornet closely misses you.
You shoot an arrow. The arrow hits the hornet!
The hornet is moderately wounded.
The hornet stings you.
You feel yourself slow down.
You shoot an arrow. The arrow hits the hornet.
The hornet is heavily wounded.
You feel yourself speed up. The hornet stings you.
The hornet stings you but does no damage.
The hornet stings you!
You shoot an arrow. The arrow hits the hornet.
The hornet is heavily wounded.
The hornet misses you.
You shoot an arrow. The arrow barely misses the hornet.
The hornet stings you! The hornet stings you.
3062 ||| READING scroll of teleportation.
As you read the scroll of teleportation, it crumbles to dust.
You feel strangely unstable. The hornet stings you!
You die...

. ....... #.
#.(...). #..
#.......
##..####........
[...........).!.
#...>#...)...
#...........
#.#@y#..#
#.##.#.#
#.<.[..#
#..#.######
#..#.#....#
#..#.#....#
#........<#
#.##......#
###.####....#


You could see a hornet.

Vanquished Creatures
  Grinder (D:3)
  An orc priest (D:4)
  4 gnolls (D:3)
  5 adders
  6 dart slugs
  An orc (D:3)
  6 ball pythons
  4 endoplasms
  6 goblins
  4 hobgoblins (D:1)
  5 jackals
  6 quokkas
  7 bats
  4 frilled lizards
  8 kobolds
  6 rats
74 creatures vanquished.

Notes
Turn   | Place    | Note
-------+----------+-------------------------------------------
     0 | D:1      | qw the Deep Elf Hunter began the quest for the Orb.
     0 | D:1      | Reached XP level 1. HP: 12/12 MP: 3/3
     0 | D:1      | 0 ||| qw: Version: 0.3-a-9-g12657ce
     0 | D:1      | 0 ||| qw: Game counter: 3449
     0 | D:1      | 0 ||| qw: Always use a shield: true
     0 | D:1      | 0 ||| qw: God list: Okawaru
     0 | D:1      | 0 ||| qw: Allow faded altars: false
     0 | D:1      | 0 ||| qw: Do Orc after D:15 true
     0 | D:1      | 0 ||| qw: Do second Lair branch before Depths: true
     0 | D:1      | 0 ||| qw: Lair rune preference: random
     0 | D:1      | 0 ||| qw: Plans: Normal
     0 | D:1      | 0 ||| PLANNING D:1-11
   198 | D:1      | Reached XP level 2. HP: 16/16 MP: 4/4
   200 | D:1      | Reached skill level 6 in Ranged Weapons
   257 | D:1      | HP: 3/16 [goblin/+0 club (4)]
   658 | D:1      | Reached XP level 3. HP: 10/20 MP: 5/5
  1061 | D:1      | 1061 ||| UPGRADING to +0 ring mail.
  1071 | D:1      | 1071 ||| DROPPING +0 leather armour.
  1072 | D:1      | 1072 ||| READING scroll labelled LENTID FYEFOI.
  1073 | D:1      | 1073 ||| READING scroll labelled XECENW RIMY.
  1076 | D:1      | 1076 ||| DROPPING scroll of butterflies.
  1258 | D:2      | 1258 ||| FLEEEEING.
  1259 | D:2      | 1259 ||| FLEEEEING.
  1266 | D:2      | Reached skill level 7 in Ranged Weapons
  1814 | D:2      | Reached XP level 4. HP: 25/25 MP: 6/6
  1945 | D:2      | 1945 ||| READING scroll labelled KAR AZOEMOEKAZ.
  1946 | D:2      | 1946 ||| READING scroll labelled GUKIHOV XOSTRO.
  1992 | D:2      | 1992 ||| DRINKING 2 fuming silvery potions.
  2063 | D:3      | Found a faded altar of an unknown god.
  2195 | D:3      | HP: 6/25 [gnoll/+0 flail (2)]
  2196 | D:3      | 2196 ||| READING scroll of teleportation.
  2197 | D:3      | HP: 1/25 [gnoll/+0 flail (6)]
  2338 | D:3      | Reached skill level 8 in Ranged Weapons
  2387 | D:3      | Reached XP level 5. HP: 21/29 MP: 7/7
  2387 | D:3      | 2387 ||| FLEEEEING.
  2388 | D:3      | 2388 ||| FLEEEEING.
  2389 | D:3      | 2389 ||| FLEEEEING.
  2390 | D:3      | 2390 ||| FLEEEEING.
  2391 | D:3      | 2391 ||| STAIRDANCE
  2417 | D:2      | 2417 ||| UPGRADING to +0 pair of gloves.
  2422 | D:2      | 2422 ||| READING scroll labelled PIGISEASUNT.
  2423 | D:2      | 2423 ||| DRINKING 2 pink potions.
  2424 | D:2      | 2424 ||| DRINKING 2 fuming emerald potions.
  2425 | D:2      | 2425 ||| DROPPING potion of degeneration.
  2431 | D:3      | 2431 ||| STAIRDANCE
  2705 | D:3      | Noticed Grinder
  2711 | D:3      | HP: 6/29 [Grinder (2)]
  2712 | D:3      | 2712 ||| READING 2 scrolls of teleportation.
  2712 | D:3      | HP: 2/29 [Grinder (3)]
  2714 | D:3      | Killed Grinder
  2715 | D:3      | Reached skill level 10 in Ranged Weapons
  2715 | D:3      | Reached XP level 6. HP: 3/34 MP: 8/8
  2958 | D:3      | 2958 ||| READING scroll labelled XOEKHL FIXKA.
  2959 | D:3      | 2959 ||| READING scroll labelled ZOEKLE NOUTU.
  3013 | D:4      | Found a staircase to the Ecumenical Temple.
  3014 | D:4      | 3014 ||| PLANNING TEMPLE
  3020 | D:4      | 3020 ||| FLEEEEING.
  3021 | D:4      | 3021 ||| FLEEEEING.
  3022 | D:4      | 3022 ||| FLEEEEING.
  3023 | D:4      | 3023 ||| FLEEEEING.
  3027 | D:4      | 3027 ||| STAIRDANCE
  3039 | D:3      | 3039 ||| UPGRADING to ring of poison resistance.
  3054 | D:4      | Noticed a hornet
  3061 | D:4      | HP: 8/35 [hornet (8)]
  3061 | D:4      | HP: 3/35 [hornet (5)]
  3062 | D:4      | 3062 ||| READING scroll of teleportation.
  3062 | D:4      | Mangled by a hornet

Levels and vault maps discovered:
D:1:      lemuel_arrival_tunnels, layout_basic, chequers_mini_garden,
          chequers_serial_rivers_room_a, st_stairs_3
D:2:      layout_loops_corners
D:3:      layout_loops_ring, dreamdust_ecumenical_altar_grove,
          minmay_goblin_kobold_house, uniq_grinder
D:4:      layout_rooms, minmay_temple_entry_proselytizer, patterned_corridor

Skill      XL: |  1  2  3  4  5  6 |
---------------+-------------------+-----
Ranged Weapons | 6 7 8 10 | 10.2
Fighting       | 2 |  2.0
Dodging        | |  2.4
Stealth        | |  1.2

Action                     |  1- 3 |  4- 6 || total
---------------------------+-------+-------++-------
   Fire: Shortbow          |   133 |   109 ||   242
    Use: Scroll            |     2 |     8 ||    10
         Potion            |       |     3 ||     3
 Armour: Leather armour    |    15 |       ||    15
         Ring mail         |    12 |     9 ||    21
  Dodge: Dodged            |    49 |    27 ||    76

Table legend:
 A = Non-vault XP
 B = Vault XP
 C = Vault XP percentage of total XP
 D = Non-vault monster count
 E = Vault monster count
 F = Vault count percentage of total count
                 A         B        C        D         E       F
            +---------+---------+-------+---------+---------+-------
      Total |     232 |     342 |  59.6 |      65 |       8 |  11.0
            +---------+---------+-------+---------+---------+-------
        D:1 |      40 |       6 |  13.0 |      22 |       3 |  12.0
        D:2 |      57 |       0 |   0.0 |      22 |       0 |   0.0
        D:3 |     127 |     295 |  69.9 |      17 |       4 |  19.0
        D:4 |       8 |      41 |  83.7 |       4 |       1 |  20.0
            +---------+---------+-------+---------+---------+-------
